Abu, chaotic male human Priest --------- |.......| -------- #........| ------------- |......-### |.......| ##.`.........`| |......| % |........ # |.....`.....| |......| ##...<....| ### |...-----...| #|......| --------- # |...|.{@q@..| #%..^...| ### |..`|{.{|`..-##########|......| ----- # |...|...|...| # -------- |...| ### |...-----....######## |%.>| # |.....`.....| |....## |`.........`| |...| ------------- |%..| ----- Abu the Acolyte Experience level: 4 Strength: 9 Dexterity: 13 Constitution: 13 Intelligence: 11 Wisdom: 18 Charisma: 10 Health: 0(45) Energy: 41(41) Def: 11 Gold: 296 Moves: 1205 Dungeon seed: wSlkrZWRkMatEwfb Game ID: Abu_1654646744 Your Inventory: Coins $ - 296 gold pieces Weapons a - a blessed +1 mace (weapon in hand) i - 16 uncursed +0 arrows k - an uncursed +0 elven bow t - an uncursed +0 scimitar w - 11 uncursed +0 darts Armor e - an uncursed +0 robe (being worn) n - an uncursed +0 small shield (being worn) r - a blessed +0 mummy wrapping y - a blessed +2 banded mail (being worn) z - an uncursed +0 leather jacket Comestibles c - an uncursed clove of garlic d - an uncursed sprig of wolfsbane Scrolls l - an uncursed scroll of taming Potions b - 4 potions of holy water m - a blessed potion of speed u - a cursed potion of confusion v - an uncursed potion of water Tools h - an uncursed oil lamp (0:1278) j - an uncursed oil lamp (0:1126) o - an uncursed towel s - an uncursed skeleton key Gems q - 2 uncursed worthless pieces of green glass Spells and supernatural/magical abilities: Name Level Category Cost Memory h - healing 1 healing 12pw 98% A - create familiar 3 clerical 3000pw 98% W - pray for help -- divine ? -- X - turn undead -- divine ? -- Your skills at the end: Fighting Skills wands [Basic] Weapon Skills mace [Basic] Spellcasting Skills clerical spells [Basic] Final Attributes: You were piously aligned. Susanowo was noncommittal. You are dead. Vanquished creatures: a kobold mummy a red naga hatchling a hobgoblin a yellow mold 3 garter snakes a gecko a jackal 2 foxes 2 grid bugs 4 bats 3 lichens 20 creatures vanquished. Voluntary challenges: You were an atheist. You used a wielded weapon 31 times, starting on turn 265. You were illiterate. You never genocided any monsters. You never polymorphed an object. You never changed form. You used no wishes. You never split a pudding. You never wrote Elbereth's name. You never violated your personal moral code. Dungeon overview: The Dungeons of Doom: levels 1 to 5 Level 1 a vault a long staircase Level 2 some altars to Raijin and Susanowo, a fountain Level 3 Level 4 a fountain, a vault Level 5 <- You were here some fountains History has recorded: On T:1 you entered the Dungeons of Doom to retrieve the Amulet of Yendor! On T:164 you reached level 2 of The Dungeons of Doom. On T:422 you reached level 3 of The Dungeons of Doom. On T:608 you reached level 4 of The Dungeons of Doom. On T:653 you advanced to experience level 2. On T:760 you reached level 5 of The Dungeons of Doom. On T:962 you advanced to experience level 3. On T:1016 you advanced to experience level 4. Score breakdown: Gold: 296 ( 8411 points) Experience: 4 levels ( 9649 points) Exploration: 5 levels ( 10.00%) ( 8571 points) Discoveries: 0 items ( 0.00%) ( 0 points) Valuables value: (no points given unless you survive) Artifact value: 0 ( 0 points) Variety of kills: 11 monsters ( 2.89%) ( 5104 points) Turncount: 1205 turns ( 0 points) Survival: died (score multiplied by 80%) Total score: 25388 Latest messages: The rothe just misses! The rothe bites! The rothe misses. (3x) The rothe just misses! You hit the rothe. You miss the rothe. The rothe hits! The rothe bites! (2x) The rothe just misses! The rothe bites! (2x) You hit the rothe. The rothe misses. (2x) The rothe bites! The rothe hits! The rothe bites! (2x) You are too hungry to cast that spell. You displace the Oracle. The rothe misses. The rothe bites! You die... Final status: Goodbye Abu the Priest, killed by a rothe... You died in The Dungeons of Doom on dungeon level 5 with 25388 points, and 296 pieces of gold, after 1205 moves. You were level 4 with a maximum of 45 hit points when you died.